 Dungeon Crawl Stone Soup version 0.29.1-15-g9cfb28693d (webtiles) character file.

Game seed: 8887465376633731803

31 leafyfresh the Sneak (level 3, -1/26 HPs)
             Began as an Octopode Delver on Mar 4, 2023.
             Succumbed to a water moccasin's poison
             ... on level 5 of the Dungeon.
             The game lasted 00:00:35 (49 turns).

leafyfresh the Sneak (Octopode Delver)                Turns: 49, Time: 00:00:36

Health: -1/26      AC:  1    Str: 11    XL:     3   Next: 22%
Magic:  3/3        EV: 13    Int: 14    God:
Gold:   0          SH:  0    Dex: 13    Spells: 2/2 levels left

rFire   . . .      SeeInvis .   a - +0 short sword
rCold   . . .      Faith    .   (no shield)
rNeg    . . .      Spirit   .   (helmet restricted)
rPois   .          Reflect  .   (no amulet)
rElec   .          Harm     .   (no ring)
rCorr   .          Rampage  .   (no ring)
Will    .....                   (no ring)
Stlth   ++++......              (no ring)
HPRegen 0.08/turn               (no ring)
MPRegen 0.08/turn               (no ring)
                                (no ring)
                                (no ring)

@: lethally poisoned (-1 -> -26)
A: almost no armour, amphibious, 8 rings, camouflage 1, gelatinous body 1,
(nimble swimmer 1), tentacles
a: no special abilities


You were on level 5 of the Dungeon.
You visited 1 branch of the dungeon, and saw 1 of its levels.

Inventory:

Hand Weapons
 a - a +0 short sword (weapon)
Wands
 f - a wand of digging (3)
Scrolls
 b - a scroll of fog
 c - a scroll of magic mapping
 d - a scroll of fear
 g - a scroll of summoning {unknown}
Potions
 e - a potion of haste
 h - a potion of might {unknown}


   Skills:
 + Level 3.4 Fighting
 - Level 2.0 Short Blades
 + Level 2.6 Dodging
 + Level 7.1 Stealth


You had 2 spell levels left.
You didn't know any spells.
Your spell library was empty.

Dungeon Overview and Level Annotations

Branches:
Dungeon (5/15)
 Temple: D:4-7

Altars:


Innate Abilities, Weirdness & Mutations

You cannot wear most types of armour.
You are amphibious.
You can wear up to eight rings at the same time.
Your skin changes colour to match your surroundings (Stealth+).
Your rubbery body absorbs attacks. (AC +1, EV +1)
((You are camouflaged when in or above water. (Stealth+)))
You have tentacles for arms and can constrict up to eight enemies at once.


Message History

A hound is nearby!
The helpless hound fails to defend itself.
You impale the hound!!
You kill the hound!
Your Stealth skill increases to level 7!
You have reached level 2!
You have reached level 3!
Your experience leads to an increase in your attributes!
Increase (S)trength, (I)ntelligence, or (D)exterity?
You feel clever. x2
h - a ruby potion No target in view!
A water moccasin comes into view.
A water moccasin is nearby!
A water moccasin is nearby!
Found 4 stones.
The water moccasin hisses angrily.
The water moccasin bites you.
You are poisoned.
The water moccasin poisons you! The water moccasin closely misses you.
You closely miss the water moccasin. Your grab misses the water moccasin.
Your squeeze misses the water moccasin.
You feel very sick. The water moccasin bites you!
You are too injured to fight recklessly!
Unknown command.
Unknown command.
You hit the water moccasin. Your grab misses the water moccasin.
The water moccasin is lightly wounded.
* * * LOW HITPOINT WARNING * * *
You feel sick. The water moccasin bites you.
* * * LOW HITPOINT WARNING * * *
You are more poisoned.
The water moccasin poisons you!
Unknown command.
Unknown command.
You barely miss the water moccasin. You grab the water moccasin.
The water moccasin is lightly wounded.
You constrict the water moccasin.
You die...

..............## #.#
......###......###.#
#.
........######.....#
... #####.#.#
####.###..# ..#.#
#......# ..# ####
####..##..## ####
....#...........
#.....########
#.(..@# #....S#
#.#.### #.#. # ##


You could see a water moccasin.

Vanquished Creatures
  A hound (D:5)
1 creature vanquished.

Notes
Turn   | Place    | Note
-------+----------+-------------------------------------------
     0 | D:5      | leafyfresh the Octopode Delver began the quest for the Orb.
     0 | D:5      | Reached XP level 1. HP: 16/16 MP: 1/1
    11 | D:5      | Noticed a hound
    18 | D:5      | Killed a hound
    19 | D:5      | Reached skill level 7 in Stealth
    19 | D:5      | Reached XP level 2. HP: 21/21 MP: 2/2
    19 | D:5      | Reached XP level 3. HP: 26/26 MP: 3/3
    40 | D:5      | Noticed a water moccasin
    49 | D:5      | Succumbed to a water moccasin's poison

Illustrated notes

Levels and vault maps discovered:
D:5:      layout_basic, nemelex_dance_club_becter, uniq_blork_the_orc

Skill      XL: |  1 |
---------------+----+-----
Stealth        | 7 |  7.1
Fighting       | |  3.4
Short Blades   | |  2.0
Dodging        | |  2.6

Action                   || total
-------------------------++-------
Melee: Short sword       ||     4
       Constrict         ||     1
 Stab: Sleeping          ||     1
Dodge: Dodged            ||     1
